Map: Ley Lines

Players

ManlyManMeat

  • Race: Zerg Zerg
  • League: Platinum
  • Spawn Location: 7:00

VOD

Have the link to the VOD?

Description

Time

  • Played on: June 21, 2025, 2:31 p.m.
  • Length: 9:58
Show
View Real Time Build Order
Export as new Build Order

ManlyManMeat Zerg 

Build Orders:  

Get SALT Encoding   

  12  0:00  Drone  
  13  0:11  Drone  
  14  0:22  Drone, Extractor  
  15  0:30  Overlord  
  15  0:59  Drone  
  16  1:05  Hatchery  
  15  1:10  Drone  
  15  1:15  Drone  
  17  1:23  Drone  
  18  1:35  Extractor  
  17  1:42  Spawning Pool  
  17  1:46  Drone  
  17  1:50  Drone  
  18  2:00  Drone  
  19  2:15  Drone  
  20  2:48  Queen x2  
  24  2:50  Zergling x2  
  24  2:51  Zergling x2  
  24  2:53  Overlord  
  26  3:09  Drone  
  27  3:11  Drone  
  28  3:30  Drone  
  28  3:31  Drone  
  28  3:32  Baneling Nest  
  28  3:33  Drone  
  30  3:44  Drone  
  30  3:49  Drone x2  
  33  3:52  Metabolic Boost  
  33  4:10  Hatchery  
  27  4:20  Drone x2  
  32  4:21  Drone  
  32  4:23  Drone  
  36  4:30  Overlord  
  36  4:39  Baneling x2  
  36  4:49  Overlord  
  36  4:54  Overlord  
  36  4:57  Drone  
  37  5:04  Lair  
  37  5:21  Drone x2, Extractor  
  37  5:22  Drone  
  37  5:23  Drone x2  
  41  5:35  Baneling  
  41  5:36  Baneling  
  41  5:37  Zergling x6  
  44  5:55  Drone x3  
  44  5:58  Drone x4  
  44  5:59  Queen  
  53  6:00  Queen  
  55  6:18  Pneumatized Carapace  
  55  6:46  Drone x2  
  55  6:47  Drone x3  
  55  6:48  Drone x4  
  55  6:49  Drone  
  65  6:51  Overlord x4  
  65  7:18  Zergling x22  
  71  8:02  Drone x2  
  71  8:06  Zergling x2  
  71  8:07  Zergling x16, Extractor  
  71  8:09  Baneling  
  81  8:10  Baneling x6  
  81  8:11  Overlord x3  
  81  8:24  Drone  
  82  8:32  Infestation Pit  
  82  8:37  Evolution Chamber  
  82  8:38  Evolution Chamber  
  79  8:52  Hatchery  
  79  8:56  Hatchery  
  77  9:23  Drone x3, Extractor x2  
  77  9:24  Drone x2  
  77  9:25  Drone, Extractor  
  77  9:26  Drone  
  77  9:27  Drone x2  
  77  9:28  Drone x3  
  83  9:57  Unknown  
Tags
 
League
Platinum
Matchup
Co-op
Replay Pack
Myownreplay2
Add a new tag
Caveats
  • Supply blocks, unpowered buildings, or Contaminate may cause inaccurate times.
  • Supply counts are checked every 10 seconds.